 Dungeon Crawl Stone Soup version 0.27.1-1-g398f81649c (webtiles) character file.

Game seed: 15595380797460678448

8075 funkygono the Arsonist (level 11, -11/57 HPs)
             Began as a Gargoyle Fire Elementalist on Sept 13, 2021.
             Was a Priest of Vehumet.
             Splashed by an oklob plant's acid (14 damage)
             ... on level 1 of the Lair of Beasts.
             The game lasted 00:27:29 (9572 turns).

funkygono the Arsonist (Gargoyle Fire Elementalist) Turns: 9572, Time: 00:27:30

Health: -11/57     AC: 15    Str: 12    XL:     11   Next: 25%
Magic:  5/24       EV: 12    Int: 19    God:    Vehumet [***...]
Gold:   439        SH:  0    Dex: 10    Spells: 13/28 levels left

rFire    . . .     SeeInvis .   d - +2 whip (elec)
rCold    . . .     Faith    .   (no shield)
rNeg     + . .     Spirit   .   w - +0 steam dragon scales
rPois    ∞         Reflect  .   (no helmet)
rElec    +         Harm     .   (no cloak)
rCorr    .         Rampage  .   g - +1 pair of gloves
Will     .....                  (no boots)
Stlth    ++........             k - amulet of regeneration
HPRegen  1.19/turn              q - +4 ring of protection
MPRegen  0.19/turn              (no ring)

@: corroded, very slightly contaminated
A: sickness immunity, AC +8, negative energy resistance 1, electricity
resistance, torment resistance 1, petrification resistance
a: Renounce Religion


You were on level 1 of the Lair of Beasts.
You worshipped Vehumet.
Vehumet was most pleased with you.
You visited 3 branches of the dungeon, and saw 10 of its levels.

You collected 439 gold pieces.

Inventory:

Hand Weapons
 c - a +1 whip
 d - a +2 whip of electrocution (weapon)
Missiles
 b - 297 stones (quivered)
Armour
 a - a +1 robe
 g - a +1 pair of gloves (worn)
 w - +0 steam dragon scales (worn)
 A - the +6 scale mail of Calculation {rC+}
   (You took it off a wight on level 8 of the Dungeon)

   rC:        It protects you from cold.
Jewellery
 k - an amulet of regeneration (around neck)
 q - a +4 ring of protection (left hand)
Wands
 s - a wand of flame (14)
 E - a wand of acid (5)
Potions
 e - 2 potions of cancellation {unknown}
 j - 3 potions of haste
 l - 2 potions of curing
 m - a potion of brilliance
 o - 2 potions of heal wounds
 p - 2 potions of might
 r - a potion of ambrosia
 u - a potion of magic
 z - a potion of mutation {unknown}


   Skills:
 + Level 2.2 Fighting
 + Level 3.2 Maces & Flails
 + Level 3.2 Dodging
 - Level 2.1 Stealth
 * Level 9.2 Spellcasting
 * Level 9.7 Conjurations
 * Level 10.1 Fire Magic


You had 13 spell levels left.
You knew the following spells:

 Your Spells              Type           Power      Damage    Failure   Level
a - Foxfire               Conj/Fire      100%       2x1d9     1%          1
b - Conjure Flame         Conj/Fire      46%        6-21      1%          3
c - Sticky Flame          Conj/Fire      46%        2d6       1%          4
d - Fireball              Conj/Fire      23%        3d11      1%          5
e - Searing Ray           Conj           90%        3d6       1%          2

Your spell library contained the following spells:

 Spells                   Type           Power      Damage    Failure   Level
 Iskenderun's Mystic Bla  Conj/Tloc      27%        2d7       3%          4
 Dazzling Flash           Conj/Hex       54%        N/A       1%          3
 Inner Flame              Hex/Fire       27%        N/A       1%          3
 Frozen Ramparts          Ice            16%        1d3       7%          3
 Animate Skeleton         Necr           16%        N/A       9%          1
 Apportation              Tloc           16%        N/A       9%          1
 Corona                   Hex            8%         N/A       9%          1
 Summon Small Mammal      Summ           32%        N/A       9%          1
 Blink                    Tloc           N/A        N/A       12%         2
 Lesser Beckoning         Tloc           4%         N/A       24%         3
 Ice Form                 Ice/Tmut       8%         N/A       63%         4
 Summon Ice Beast         Ice/Summ       8%         N/A       63%         4
 Agony                    Necr           8%         N/A       92%         5
 Manifold Assault         Tloc           8%         N/A       92%         5
 Silence                  Hex/Air        4%         N/A       92%         5


Dungeon Overview and Level Annotations

Branches:
Dungeon (8/15)             Temple (1/1) D:4            Lair (1/6) D:8

Altars:
Ashenzari
Cheibriados
Dithmenos
Elyvilon
Fedhas
Gozag
Hepliaklqana
Kikubaaqudgha
Makhleb
Nemelex Xobeh
Okawaru
Qazlal
Ru
Sif Muna
Trog
Uskayaw
Vehumet
Wu Jian
Xom
Yredelemnul
Zin
The Shining One

Shops:
D:5 *   D:6 :

Annotations:
Lair:1 exclusion: 2 oklob plants


Innate Abilities, Weirdness & Mutations

You are immune to sickness and miasma.
Your stone body is resilient. (AC +8)
You are immune to poison.
You resist negative energy. (rN+)
You are resistant to electric shocks. (rElec)
You are resistant to unholy torment.
You are immune to petrification.


Message History

Press: ? - help, Shift-Dir - straight line, f - oklob plant
Aim: an oklob plant The fireball explodes!
The fireball engulfs the oklob plant!
The oklob plant is moderately damaged.
Unknown command.
Casting: Fireball (dangerous; 1% risk of failure)
Confirm with . or Enter, or press ? or * to list all spells.
Aiming: Fireball (dangerous; 1% risk of failure)
Press: ? - help, Shift-Dir - straight line, f/p - oklob plant
Aim: an oklob plant (moderately damaged)
The fireball explodes!
The fireball engulfs the oklob plant!
The oklob plant is heavily damaged.
You hear an angry hiss.
The oklob plant spits acid at you. The splash of acid hits you.
The acid corrodes you!
You are splashed with acid!
The oklob plant spits acid at you.
The splash of acid hits you but does no damage.
You are splashed with acid!
Casting: Fireball (dangerous; 1% risk of failure)
Confirm with . or Enter, or press ? or * to list all spells.
Aiming: Fireball (dangerous; 1% risk of failure)
Press: ? - help, Shift-Dir - straight line, p - oklob plant The fireball explodes!
The fireball engulfs the oklob plant!!
The oklob plant is heavily damaged.
The fireball engulfs the oklob plant!
The oklob plant is severely damaged.
The oklob plant spits acid at you. The splash of acid misses you.
The oklob plant spits acid at you. The splash of acid hits you!
You are splashed with acid!
* * * LOW HITPOINT WARNING * * *
Casting: Fireball (dangerous; 1% risk of failure)
Confirm with . or Enter, or press ? or * to list all spells.
You don't have enough magic to cast this spell.
Unknown command.
The oklob plant spits acid at you. The splash of acid hits you!
* * * LOW HITPOINT WARNING * * *
You are splashed with acid!
You die...

........##.###..8...##.
............##......## .
............##....... ..
...##....##.##...8..
##.####..#.......#..#.....
.........#..........##....
......#..#.......#...##...
.................#.....##.
....#..@.............#..
.........#.......+.....#..
..)......#.......#.....###
##..#P...#.......#.......
.........##...#..#.......
..........#$..#...........
##P.#######[.P# ##########
### #P$.# ####


You could see 2 oklob plants.

Vanquished Creatures
  A hydra (Lair:1)
  A black mamba (Lair:1)
  A cane toad (Lair:1)
  A komodo dragon (Lair:1)
  Sigmund (D:2)
  15 yaks
  A basilisk (Lair:1)
  2 steam dragons
  An acid dragon (D:8)
  3 water moccasins
  2 wargs (D:8)
  Duvessa (D:7)
  An ice beast (D:5)
  2 orc warriors
  An ogre (D:7)
  A necrophage (D:4)
  4 wolves (D:8)
  A centaur (D:7)
  A phantom (D:5)
  Blork the orc (D:5)
  2 kobold brigands
  7 scorpions
  3 bullfrogs
  Dowan (D:7)
  A water moccasin skeleton (D:5)
  5 wights (D:8)
  An electric eel (Lair:1)
  A bullfrog zombie (D:6)
  A centaur zombie (D:5)
  3 orc priests
  2 bullfrog skeletons
  13 orc wizards
  Terence (D:3)
  4 iguanas
  A hound zombie (D:5)
  15 gnolls
  4 adders
  A howler monkey skeleton (D:5)
  A white imp (D:6)
  36 orcs
  3 ball pythons
  8 endoplasms
  A giant cockroach (D:1)
  4 goblins
  6 hobgoblins
  3 quokkas
  5 bats
  A frilled lizard (D:3)
  18 kobolds
  2 rats
196 creatures vanquished.

Vanquished Creatures (collateral kills)
  9 foxfires (Lair:1)
9 creatures vanquished.

Vanquished Creatures (others)
  735 foxfires
  A fungus (Lair:1)
  43 plants
779 creatures vanquished.

Grand Total: 984 creatures vanquished

Notes
Turn   | Place    | Note
-------+----------+-------------------------------------------
     0 | D:1      | funkygono the Gargoyle Fire Elementalist began the quest
                  | for the Orb.
     0 | D:1      | Reached XP level 1. HP: 10/10 MP: 3/3
   257 | D:1      | Reached XP level 2. HP: 15/15 MP: 0/5
   786 | D:1      | Reached XP level 3. HP: 19/19 MP: 3/6
   790 | D:1      | Learned a level 3 spell: Conjure Flame
  1396 | D:2      | Noticed Sigmund
  1414 | D:2      | Killed Sigmund
  1415 | D:2      | Reached skill level 4 in Fire Magic
  1415 | D:2      | Reached XP level 4. HP: 21/24 MP: 1/9
  1415 | D:2      | Reached XP level 5. HP: 25/28 MP: 1/10
  1420 | D:2      | Learned a level 4 spell: Sticky Flame
  1677 | D:2      | Reached XP level 6. HP: 32/32 MP: 6/11
  2650 | D:3      | Noticed Terence
  2656 | D:3      | Killed Terence
  3346 | D:4      | Reached skill level 5 in Fire Magic
  3484 | D:4      | Found a staircase to the Ecumenical Temple.
  3492 | Temple   | Entered the Ecumenical Temple
  3501 | Temple   | Became a worshipper of Vehumet
  3630 | D:4      | Noticed a necrophage
  3641 | D:4      | Killed a necrophage
  3642 | D:4      | Reached XP level 7. HP: 36/37 MP: 3/13
  4226 | D:4      | Learned a level 5 spell: Fireball
  4237 | D:5      | Entered Level 5 of the Dungeon
  4247 | D:5      | Found Veitiuc's Gadget Gallery.
  4607 | D:5      | Reached skill level 5 in Conjurations
  4698 | D:5      | Reached XP level 8. HP: 42/42 MP: 13/15
  4703 | D:5      | Reached skill level 5 in Spellcasting
  4760 | D:5      | Reached * piety under Vehumet
  4760 | D:5      | Offered knowledge of Magic Dart by Vehumet.
  5037 | D:5      | Noticed Blork the orc
  5056 | D:5      | Killed Blork the orc
  5069 | D:5      | Reached skill level 6 in Fire Magic
  5467 | D:6      | Reached skill level 1 in Maces & Flails
  5678 | D:6      | Reached ** piety under Vehumet
  5717 | D:6      | Found Icloiqe's Self-Improvement Boutique.
  5750 | D:6      | Offered knowledge of Searing Ray by Vehumet.
  5758 | D:6      | Learned a level 2 spell: Searing Ray
  5879 | D:6      | Reached XP level 9. HP: 46/46 MP: 13/18
  6239 | D:7      | Reached skill level 7 in Fire Magic
  6304 | D:7      | Reached skill level 1 in Fighting
  6616 | D:7      | Noticed Dowan
  6619 | D:7      | Noticed Duvessa
  6626 | D:7      | Killed Duvessa
  6628 | D:7      | Killed Dowan
  6641 | D:7      | Offered knowledge of Poisonous Vapours by Vehumet.
  6768 | D:7      | Found an ornate altar of the Wu Jian Council.
  6820 | D:7      | Reached skill level 8 in Fire Magic
  6859 | D:7      | Reached XP level 10. HP: 30/52 MP: 7/21
  7374 | D:8      | Identified the +6 scale mail of Calculation {rC+}
  7519 | D:8      | Reached *** piety under Vehumet
  7652 | D:8      | Found a staircase to the Lair.
  8687 | Lair:1   | Entered Level 1 of the Lair of Beasts
  8699 | D:8      | Reached skill level 9 in Fire Magic
  9059 | Lair:1   | Noticed a seven-headed hydra
  9078 | Lair:1   | Killed a seven-headed hydra
  9078 | Lair:1   | Offered knowledge of Iskenderun's Mystic Blast by Vehumet.
  9079 | Lair:1   | Reached XP level 11. HP: 57/57 MP: 6/23
  9447 | Lair:1   | Reached skill level 10 in Fire Magic
  9490 | Lair:1   | Noticed an oklob plant
  9491 | Lair:1   | Noticed an oklob plant
  9572 | Lair:1   | Splashed by an oklob plant's acid

Illustrated notes

Levels and vault maps discovered:
D:1:      giann_bridges, layout_basic
D:2:      layout_basic, uniq_sigmund
D:3:      layout_loops_ring, minmay_stone_trees_small, serial_bayou_lagoon_a,
          uniq_terence
D:4:      layout_cave_pools, minmay_temple_entry_tees, nicolae_underground_beach
D:5:      layout_rooms, chequers_serial_rivers_room_b, nicolae_shop_gadgets,
          uniq_blork_the_orc
D:6:      layout_loops_cross, nicolae_shop_self_help
D:7:      layout_rooms, mainiacjoe_overflow_paths, kennysheep_generic_room_13,
          uniq_duvessa
D:8:      layout_loops_ring, erik_lair_orcish_takeover
Temple:   grunt_wide_crystal_templ
Lair:1:   layout_regular_city, nicolae_quartered_pool_super,
          minmay_lair_oklob_chamber, grunt_megastairs_3

Skill      XL: |  1  2  3  4  5  6  7  8  9 10 11 |
---------------+----------------------------------+-----
Spellcasting   | 3 4 6 7 8 9 |  9.2
Conjurations   | 2 3 4 5 6 8 9 |  9.7
Fire Magic     | 4 5 6 8 9 10 | 10.1
Dodging        | 2 3 |  3.2
Maces & Flails | 1 2 3 |  3.2
Fighting       | 1 2 |  2.2
Stealth        | |  2.1

Action                   |  1- 3 |  4- 6 |  7- 9 | 10-12 || total
-------------------------+-------+-------+-------+-------++-------
Melee: Whip              |     8 |    27 |    55 |    54 ||   144
 Cast: Foxfire           |    41 |    81 |   203 |   114 ||   439
       Conjure Flame     |       |     2 |     7 |     2 ||    11
       Sticky Flame      |       |       |     5 |    32 ||    37
       Fireball          |       |       |     7 |     9 ||    16
  Use: Scroll            |     2 |     6 |     7 |     5 ||    20
       Potion            |     1 |       |       |       ||     1
 Stab: Sleeping          |     1 |     2 |     1 |       ||     4
Armor: Robe              |     7 |     9 |    26 |       ||    42
       Steam dragon scal |       |       |     2 |    65 ||    67
Dodge: Dodged            |    15 |    32 |    29 |    78 ||   154
